TOP OF THE 1ST |
Pittsburgh Pirates batting - Pitching for San Diego Padres : RHP Brian Allard
|
Pitching: RHP Brian Allard
|
|
Batting: RHB Dan Gladden
|
0-0: Ball 1-0: Ball 2-0: SINGLE (Line Drive, 6MD, EV 107.5 MPH)
|
Batting: SHB Chili Davis
|
0-0: Foul Ball, location: 2F 0-1: Swinging Strike 0-2: Foul Ball, location: 2F 0-2: Ball 1-2: Ball 2-2: Fly out, F8 (Flyball, 8RD, EV 98.1 MPH)
|
Batting: RHB Rennie Stennett
|
0-0: Foul Ball, location: 2F 0-1: Fly out, F7 (Flyball, 7LM, EV 93.8 MPH)
|
Batting: LHB Robert Lopez
|
0-0: Ball Wild Pitch! Dan Gladden to second 1-0: Swinging Strike 1-1: Ball 2-1: Ball 3-1: DOUBLE (Groundball, 3L, EV 107.5 MPH) Dan Gladden scores
|
Batting: LHB Greg Walker
|
0-0: Called Strike 0-1: Ball 1-1: Ball 2-1: Fly out, F7 (Line Drive, 7D, EV 102.5 MPH)
|
Top of the 1st over - 1 run, 2 hits, 0 errors, 1 left on base; Pittsburgh 1 - San Diego 0 |
BOTTOM OF THE 1ST |
San Diego Padres batting - Pitching for Pittsburgh Pirates : LHP Juan Agosto
|
Pitching: LHP Juan Agosto
|
|
Batting: RHB Bob Dernier
|
0-0: Ball 1-0: Ball 2-0: Ball 3-0: Called Strike 3-1: Swinging Strike 3-2: Strikes out swinging
|
Batting: RHB Joel Youngblood
|
0-0: Called Strike 0-1: Ball 1-1: Foul Ball, location: 2F 1-2: Ball 2-2: Ball 3-2: Base on Balls
|
Batting: RHB Dennis Dungy
|
0-0: Ball 1-0: Called Strike 1-1: Swinging Strike 1-2: Strikes out swinging
|
Batting: RHB Kelvin Moore
|
0-0: Called Strike 0-1: Called Strike 0-2: Ball 1-2: SINGLE (Groundball, 6MD, EV 100.6 MPH) Joel Youngblood to second Runner from 2nd tries for 3rd, SAFE, no throw by CF
|
Pinch Runner at 3rd Eric Attaway:
|
|
Batting: LHB Jerry McDonald
|
0-0: Called Strike 0-1: Reached on error, E5 (Groundball, 56, EV 110.6 MPH) Eric Attaway scores Kelvin Moore to second
|
Batting: RHB Heriberto Soltero
|
0-0: Ball 1-0: Ball 2-0: Fly out, F8 (Flyball, 8RS, EV 78.1 MPH)
|
Bottom of the 1st over - 1 run, 1 hit, 1 error, 2 left on base; Pittsburgh 1 - San Diego 1 |
TOP OF THE 2ND |
Pittsburgh Pirates batting - Pitching for San Diego Padres : RHP Brian Allard
|
Now at 1B: Eric Attaway
|
|
Batting: RHB Mike C Brown
|
0-0: Called Strike 0-1: Fly out, F7 (Flyball, 7D, EV 92.5 MPH)
|
Batting: SHB John Shelby
|
0-0: Ball 1-0: Called Strike 1-1: Ball 2-1: Swinging Strike 2-2: Strikes out swinging
|
Batting: SHB Ron Oester
|
0-0: Fly out, F7 (Flyball, 78S, EV 88.1 MPH)
|
Top of the 2nd over - 0 runs, 0 hits, 0 errors, 0 left on base; Pittsburgh 1 - San Diego 1 |
BOTTOM OF THE 2ND |
San Diego Padres batting - Pitching for Pittsburgh Pirates : LHP Juan Agosto
|
Batting: RHB Eddy Martinez
|
0-0: Foul Ball, location: 2F 0-1: Ball 1-1: Called Strike 1-2: Ball 2-2: Fly out, F9 (Flyball, 89S, EV 76.9 MPH)
|
Batting: RHB Dave Edler
|
0-0: Ball 1-0: Fly out, F8 (Line Drive, 8RD, EV 99.4 MPH)
|
Batting: RHB Brian Allard
|
0-0: Ball 1-0: Ball 2-0: Foul Ball, location: 2F 2-1: Foul Ball, location: 2F 2-2: Ball 3-2: Strikes out swinging
|
Bottom of the 2nd over - 0 runs, 0 hits, 0 errors, 0 left on base; Pittsburgh 1 - San Diego 1 |
TOP OF THE 3RD |
Pittsburgh Pirates batting - Pitching for San Diego Padres : RHP Brian Allard
|
Batting: LHB Juan Agosto
|
0-0: DOUBLE (Line Drive, 89M, EV 103.8 MPH)
|
Batting: RHB Dan Gladden
|
0-0: Fly out, F7 (Flyball, 78M, EV 75.6 MPH) Runner from 2nd tags up, SAFE at 3rd with throw by LF
|
Batting: SHB Chili Davis
|
0-0: Ball 1-0: Swinging Strike 1-1: Ball 2-1: Ball 3-1: Swinging Strike 3-2: Foul Ball, location: 2F 3-2: 2-RUN HOME RUN (Flyball, 89XD, EV 93.8 MPH), Distance : 432 ft
|
Batting: RHB Rennie Stennett
|
0-0: Ground out 6-3 (Groundball, 6S, EV 90.6 MPH)
|
Batting: LHB Robert Lopez
|
0-0: Swinging Strike 0-1: Ball 1-1: Fly out, F8 (Flyball, 8LD, EV 102.5 MPH)
|
Top of the 3rd over - 2 runs, 2 hits, 0 errors, 0 left on base; Pittsburgh 3 - San Diego 1 |
BOTTOM OF THE 3RD |
San Diego Padres batting - Pitching for Pittsburgh Pirates : LHP Juan Agosto
|
Batting: RHB Bob Dernier
|
0-0: Ground out 6-3 (Groundball, 6, EV 91.3 MPH)
|
Batting: LHB Eric Attaway
|
0-0: Called Strike 0-1: Hit by Pitch
|
Batting: RHB Dennis Dungy
|
0-0: Ball 1-0: Ball 2-0: Called Strike 2-1: Called Strike 2-2: Fly out, F3 (Popup, 3SF, EV 68.1 MPH)
|
Batting: RHB Kelvin Moore
|
0-0: Called Strike 0-1: Ball 1-1: Swinging Strike 1-2: Ball 2-2: Foul Ball, location: 2F 2-2: Strikes out swinging
|
Bottom of the 3rd over - 0 runs, 0 hits, 0 errors, 1 left on base; Pittsburgh 3 - San Diego 1 |
TOP OF THE 4TH |
Pittsburgh Pirates batting - Pitching for San Diego Padres : RHP Brian Allard
|
Batting: LHB Greg Walker
|
0-0: Called Strike 0-1: Ground out 6-3 (Groundball, 56, EV 85.6 MPH)
|
Batting: RHB Mike C Brown
|
0-0: Ball 1-0: Swinging Strike 1-1: SINGLE (Groundball, 25, EV 77.5 MPH) (infield hit)
|
Batting: SHB John Shelby
|
0-0: Ball 1-0: Fly out, F6 (Popup, 6, EV 75.0 MPH)
|
Batting: SHB Ron Oester
|
0-0: Ground out 4-3 (Groundball, 4M, EV 102.5 MPH)
|
Top of the 4th over - 0 runs, 1 hit, 0 errors, 1 left on base; Pittsburgh 3 - San Diego 1 |
BOTTOM OF THE 4TH |
San Diego Padres batting - Pitching for Pittsburgh Pirates : LHP Juan Agosto
|
Batting: LHB Jerry McDonald
|
0-0: Called Strike 0-1: Ball 1-1: Ground out 3-1 (Groundball, 3D, EV 96.9 MPH)
|
Batting: RHB Heriberto Soltero
|
0-0: Fly out, F8 (Flyball, 78S, EV 79.4 MPH)
|
Batting: RHB Eddy Martinez
|
0-0: Ball 1-0: Ball 2-0: Called Strike 2-1: Ball 3-1: Base on Balls
|
Batting: RHB Dave Edler
|
0-0: Swinging Strike 0-1: Ball 1-1: Called Strike 1-2: Strikes out swinging
|
Bottom of the 4th over - 0 runs, 0 hits, 0 errors, 1 left on base; Pittsburgh 3 - San Diego 1 |
TOP OF THE 5TH |
Pittsburgh Pirates batting - Pitching for San Diego Padres : RHP Brian Allard
|
Batting: LHB Juan Agosto
|
0-0: Ground out U3 (Groundball, 3, EV 103.1 MPH)
|
Batting: RHB Dan Gladden
|
0-0: Called Strike 0-1: Ball 1-1: Ball 2-1: Foul Ball, location: 2F 2-2: Strikes out swinging, 2-3 out at first.
|
Batting: SHB Chili Davis
|
0-0: Swinging Strike 0-1: Ball 1-1: Fly out, F6 (Popup, P, EV 76.3 MPH)
|
Top of the 5th over - 0 runs, 0 hits, 0 errors, 0 left on base; Pittsburgh 3 - San Diego 1 |
BOTTOM OF THE 5TH |
San Diego Padres batting - Pitching for Pittsburgh Pirates : LHP Juan Agosto
|
Batting: RHB Brian Allard
|
0-0: Ball 1-0: Called Strike 1-1: Foul Ball, location: 2F 1-2: Ball 2-2: Strikes out swinging, 2-3 out at first.
|
Batting: RHB Bob Dernier
|
0-0: Ball 1-0: Swinging Strike 1-1: Ground out 6-3 (Groundball, 56, EV 85.6 MPH)
|
Batting: LHB Eric Attaway
|
0-0: Called Strike 0-1: Ball 1-1: Foul Ball, location: 2F 1-2: Foul Ball, location: 2F 1-2: Ball 2-2: Ball 3-2: Fly out, F8 (Flyball, 8RM, EV 76.9 MPH)
|
Bottom of the 5th over - 0 runs, 0 hits, 0 errors, 0 left on base; Pittsburgh 3 - San Diego 1 |
TOP OF THE 6TH |
Pittsburgh Pirates batting - Pitching for San Diego Padres : RHP Brian Allard
|
Batting: RHB Rennie Stennett
|
0-0: SINGLE (Line Drive, 78S, EV 100.6 MPH)
|
Batting: LHB Robert Lopez
|
0-0: Called Strike 0-1: Foul Ball, location: 2F 0-2: Fly out, F8 (Line Drive, 8LD, EV 90.6 MPH)
|
Batting: LHB Greg Walker
|
0-0: Ball 1-0: Ground out 4-3 (Groundball, 34, EV 78.8 MPH) Rennie Stennett to second
|
Batting: RHB Mike C Brown
|
0-0: Foul Ball, location: 2F 0-1: Foul Ball, location: 2F 0-2: Ball 1-2: Strikes out swinging
|
Top of the 6th over - 0 runs, 1 hit, 0 errors, 1 left on base; Pittsburgh 3 - San Diego 1 |
BOTTOM OF THE 6TH |
San Diego Padres batting - Pitching for Pittsburgh Pirates : LHP Juan Agosto
|
Batting: RHB Dennis Dungy
|
0-0: Ball 1-0: Ball 2-0: Ball 3-0: Called Strike 3-1: SINGLE (Groundball, 56, EV 105.6 MPH) (infield hit)
|
Batting: RHB Kelvin Moore
|
0-0: Ball 1-0: Called Strike 1-1: Ball 2-1: Called Strike 2-2: Strikes out swinging
|
Batting: LHB Jerry McDonald
|
0-0: Called Strike 0-1: Ball 1-1: Ball Wild Pitch! Dennis Dungy to second 2-1: Swinging Strike 2-2: Strikes out swinging
|
Batting: RHB Heriberto Soltero
|
0-0: Foul Ball, location: 2F 0-1: Foul Ball, location: 2F 0-2: 2-RUN HOME RUN (Line Drive, 7D, EV 105.6 MPH), Distance : 403 ft
|
Batting: RHB Eddy Martinez
|
0-0: Ball 1-0: Called Strike 1-1: Ground out U3 (Groundball, 34, EV 81.9 MPH)
|
Bottom of the 6th over - 2 runs, 2 hits, 0 errors, 0 left on base; Pittsburgh 3 - San Diego 3 |
TOP OF THE 7TH |
Pittsburgh Pirates batting - Pitching for San Diego Padres : RHP Brian Allard
|
Batting: SHB John Shelby
|
0-0: Ball 1-0: Fly out, F9 (Flyball, 89D, EV 92.5 MPH)
|
Batting: SHB Ron Oester
|
0-0: Ball 1-0: Called Strike 1-1: SINGLE (Line Drive, 7S, EV 96.3 MPH)
|
Batting: LHB Juan Agosto
|
0-0: Bunted foul 0-1: Sac Bunt to 13 - play at first, batter OUT! 1-4 Ron Oester to second
|
Batting: RHB Dan Gladden
|
0-0: Called Strike 0-1: Fly out, F5 (Line Drive, 5, EV 68.1 MPH)
|
Top of the 7th over - 0 runs, 1 hit, 0 errors, 1 left on base; Pittsburgh 3 - San Diego 3 |
BOTTOM OF THE 7TH |
San Diego Padres batting - Pitching for Pittsburgh Pirates : LHP Juan Agosto
|
Batting: RHB Dave Edler
|
0-0: Ball 1-0: Foul Ball, location: 2F 1-1: Ball 2-1: Ball 3-1: Swinging Strike 3-2: Foul Ball, location: 2F 3-2: Base on Balls
|
Batting: RHB Brian Allard
|
0-0: Ball 1-0: Bunted foul 1-1: Bunted foul 1-2: Sac Bunt to P - play at first, batter OUT! 1-4 Dave Edler to second
|
Batting: RHB Bob Dernier
|
0-0: Intentional Walk
|
Batting: LHB Eric Attaway
|
0-0: Ball 1-0: Ground out U3 (Groundball, 13, EV 91.3 MPH) Dave Edler to third Bob Dernier to second
|
Batting: RHB Dennis Dungy
|
0-0: Called Strike 0-1: Ball 1-1: Ball 2-1: Ball 3-1: Base on Balls
|
Pitching: RHP Mark Lemongello
|
|
Batting: RHB Kelvin Moore
|
0-0: Called Strike 0-1: Ball 1-1: Fielders Choice at 2nd, 6-4 (Groundball, 6, EV 87.5 MPH)
|
Bottom of the 7th over - 0 runs, 0 hits, 0 errors, 3 left on base; Pittsburgh 3 - San Diego 3 |
TOP OF THE 8TH |
Pittsburgh Pirates batting - Pitching for San Diego Padres : RHP Brian Allard
|
Batting: SHB Chili Davis
|
0-0: Called Strike 0-1: Ball 1-1: Ball 2-1: Ground out 6-3 (Groundball, 6MS, EV 68.8 MPH)
|
Batting: RHB Rennie Stennett
|
0-0: Called Strike 0-1: Fly out, F8 (Flyball, 89D, EV 85.0 MPH)
|
Batting: LHB Robert Lopez
|
0-0: Foul Ball, location: 2F 0-1: SOLO HOME RUN (Flyball, 89XD, EV 99.4 MPH), Distance : 414 ft
|
Batting: LHB Greg Walker
|
0-0: Called Strike 0-1: SOLO HOME RUN (Flyball, 9LD, EV 88.1 MPH), Distance : 367 ft
|
Pitching: RHP Craig Eaton
|
|
Batting: RHB Mike C Brown
|
0-0: Ball 1-0: Swinging Strike 1-1: Ball 2-1: Called Strike 2-2: Strikes out swinging
|
Top of the 8th over - 2 runs, 2 hits, 0 errors, 0 left on base; Pittsburgh 5 - San Diego 3 |
BOTTOM OF THE 8TH |
San Diego Padres batting - Pitching for Pittsburgh Pirates : RHP Mark Lemongello
|
Batting: LHB Jerry McDonald
|
0-0: Fly out, F8 (Flyball, 8LM, EV 86.9 MPH)
|
Batting: RHB Heriberto Soltero
|
0-0: Ball 1-0: Swinging Strike 1-1: Ground out 5-3 (Groundball, 56, EV 102.5 MPH)
|
Batting: RHB Eddy Martinez
|
0-0: Ground out 6-3 (Groundball, 6MD, EV 89.4 MPH)
|
Bottom of the 8th over - 0 runs, 0 hits, 0 errors, 0 left on base; Pittsburgh 5 - San Diego 3 |
TOP OF THE 9TH |
Pittsburgh Pirates batting - Pitching for San Diego Padres : RHP Craig Eaton
|
Batting: SHB John Shelby
|
0-0: Fly out, F7 (Flyball, 7, EV 93.8 MPH)
|
Batting: SHB Ron Oester
|
0-0: Called Strike 0-1: Ball 1-1: Foul Ball, location: 2F 1-2: Ball 2-2: Fly out, F5 (Popup, 5F, EV 73.1 MPH)
|
Pinch Hitting: LHB Terry Whitfield
|
0-0: Called Strike 0-1: Called Strike 0-2: Foul Ball, location: 2F 0-2: Foul Ball, location: 2F 0-2: Ball 1-2: Strikes out swinging
|
Top of the 9th over - 0 runs, 0 hits, 0 errors, 0 left on base; Pittsburgh 5 - San Diego 3 |
BOTTOM OF THE 9TH |
San Diego Padres batting - Pitching for Pittsburgh Pirates : RHP Mark Lemongello
|
Pitching: RHP Robert Alexander
|
|
Batting: RHB Dave Edler
|
0-0: Called Strike 0-1: Ball 1-1: Fly out, F9 (Flyball, 9S, EV 83.8 MPH)
|
Pinch Hitting: LHB Chris Chambliss
|
0-0: Ball 1-0: SINGLE (Flyball, 56D, EV 91.3 MPH)
|
Batting: RHB Bob Dernier
|
0-0: Called Strike 0-1: Swinging Strike 0-2: Strikes out swinging
|
Batting: LHB Eric Attaway
|
0-0: Ball 1-0: Foul Ball, location: 2F 1-1: Ball 2-1: Foul Ball, location: 2F 2-2: Ball 3-2: SINGLE (Groundball, 13S, EV 71.3 MPH) (infield hit) Chris Chambliss to second
|
Batting: RHB Dennis Dungy
|
0-0: Ground out 4-3 (Groundball, 4, EV 83.8 MPH)
|
Bottom of the 9th over - 0 runs, 2 hits, 0 errors, 2 left on base; Pittsburgh 5 - San Diego 3 |
|